 Dungeon Crawl Stone Soup version 0.18-a0-1747-g18c4181 (webtiles) character file.

23270 Ijustatesigmund the Warrior (level 13, -4/150 HPs)
             Began as an Ogre Hunter on Apr 12, 2016.
             Was the Champion of Okawaru.
             Slain by Maud
             ... wielding a +4 scimitar of slicing
              (9 damage)
             ... on level 4 of the Lair of Beasts.
             The game lasted 01:30:10 (13045 turns).

Ijustatesigmund the Warrior (Ogre Hunter)          Turns: 13045, Time: 01:30:11

Health: -4/150     AC:  7    Str: 20    XL:     13   Next: 5%
Magic:  16/16      EV: 11    Int: 10    God:    Okawaru [******]
Gold:   445        SH:  0    Dex: 14    Spells: 1 memorised, 10 levels left

rFire  + . .     SeeInvis .     b - +9 giant club
rCold  . . .     Gourm    .     M - +2 robe {rF+}
rNeg   . . .     Faith    +     (shield currently unavailable)
rPois  +         Spirit   .     (helmet restricted)
rElec  .         Dismiss  .     u - +1 cloak
rCorr  .         Reflect  .     (gloves unavailable)
SustAt .         Harm     .     (boots unavailable)
MR     +....                    p - amulet of faith
Stlth  ++........               S - ring of poison resistance
                                a - ring of wizardry

@: about to teleport, very slightly contaminated, hasted (expiring), very quick,
somewhat resistant to hostile enchantments, unstealthy
A: unfitting armour, tough skin 1
a: Heroism, Finesse, Renounce Religion


You were on level 4 of the Lair of Beasts.
You worshipped Okawaru.
Okawaru was exalted by your worship.
You were not hungry.

You visited 2 branches of the dungeon, and saw 15 of its levels.

You collected 781 gold pieces.
You spent 336 gold pieces at shops.

Inventory:

Hand Weapons
 b - a +9 giant club (weapon)
 m - the +5 longbow of Idatol {freeze, *Corrode +Fly MP+9 Int-2, unknown}
   (Okawaru gifted it to you on level 3 of the Lair of Beasts)

   It causes projectiles fired from it to freeze those they strike, causing
   extra injury to most foes and up to half again as much damage against
   particularly susceptible opponents.
   They can also slow down cold-blooded creatures.
   It affects your intelligence (-2).
   It affects your magic capacity (+9).
   It lets you fly.
   It may corrode you when you take damage.
 X - the +3 giant spiked club of Famine {holy, *Noise +Fly Str+4}
   (Okawaru gifted it to you on level 2 of the Lair of Beasts)

   It has been blessed by the Shining One to cause great damage to the undead
   and demons.
   It affects your strength (+4).
   It lets you fly.
   It may make noises in combat.
Missiles
 c - 11 large rocks (quivered)
 h - 6 poisoned tomahawks
 H - 11 javelins of penetration
Armour
 u - a +1 cloak (worn)
 M - a +2 robe of fire resistance (worn)
Jewellery
 a - a ring of wizardry (left hand)
 l - an uncursed ring of protection from magic
 p - an amulet of faith (around neck)
 t - a +4 ring of intelligence
 v - an uncursed amulet of the gourmand
 B - an uncursed ring of fire
 J - the ring of Bepoxzaiz {*Confuse rElec rPois Dex+7}
   (You found it on level 7 of the Dungeon)

   [ring of poison resistance]

   It affects your dexterity (+7).
   It insulates you from electricity.
   It protects you from poison.
   It may confuse you when you take damage.
 Q - a +2 ring of strength
 S - a ring of poison resistance (right hand)
 V - an uncursed ring of positive energy
Wands
 j - a wand of confusion (20/48)
 q - a wand of acid (8/15)
 w - a wand of disintegration (18/24)
 A - a wand of digging (6/24)
 I - a wand of hasting (4/9)
Scrolls
 e - 3 scrolls of teleportation
 g - a scroll of enchant weapon
 i - 2 scrolls of magic mapping
 o - 6 scrolls of recharging
 y - 2 scrolls of identify
 z - 2 scrolls of fog
 P - 2 scrolls of amnesia
Potions
 d - a potion of lignification
 k - a potion of brilliance
 n - a potion of cancellation
 r - 8 potions of curing
 x - 2 potions of might
 C - a potion of flight
 D - a potion of invisibility
 N - 2 potions of resistance
 O - 2 potions of mutation
 R - a potion of berserk rage
Books
 L - a book of Maledictions

   Spells                             Type                      Level
   a - Corona                         Hexes                        1
   b - Ensorcelled Hibernation        Hexes/Ice                    2
   c - Confuse                        Hexes                        3
   d - Tukima's Dance                 Hexes                        3
   e - Dazzling Spray                 Conjuration/Hexes            3
Comestibles
 f - 7 bread rations
 s - a slice of pizza
 E - 16 fruits
 F - 4 meat rations
 T - 5 chunks of flesh


   Skills:
 - Level 15.3 Fighting
 - Level 15.0 Maces & Flails
 - Level 11.0 Throwing
 - Level 3.0 Dodging
 - Level 0.7 Stealth
 + Level 3.6 Hexes
 + Level 3.8 Ice Magic
 - Level 4.2 Invocations


You had 10 spell levels left.
You knew the following spells:

 Your Spells              Type           Power        Failure   Level  Hunger
a - Ensorcelled Hibernat  Hex/Ice        #.....       6%          2    ###....


Dungeon Overview and Level Annotations

Branches:
Dungeon (11/15)            Temple (0/1) D:5            Lair (4/8) D:11
  Snake (0/4) Lair:3
  Swamp: Lair:3-6    Shoals: Lair:3-6       Orc: D:9-12

Altars:
Ashenzari
Cheibriados
Elyvilon
Gozag
Makhleb
Okawaru
Qazlal
Sif Muna
Trog
Yredelemnul
Zin

Shops:
D:6 *   D:10 ?[!::

Annotations:
Lair:4 Maud, Snorg


Innate Abilities, Weirdness & Mutations

You are too large for most types of armour.
You have tough skin (AC +1).


Message History

You hear a howl!
Snorg rages.
Snorg rages.
There is a stone staircase leading up here.
You feel like a meek peon again.
Snorg rages.
A giant frog comes into view.
Snorg is no longer berserk.
Maud the Forgotten comes into view.
She is wielding a scimitar of slicing.
Your extra speed is starting to run out.
Maud shouts!
You hear the crackling of a very distant melting archway.
Found a club.
Maud barely misses you.
Read which item? (? for menu, Esc to quit)
As you read the scroll of teleportation, it crumbles to dust.
You feel strangely unstable. The wolf bites you!
* * * LOW HITPOINT WARNING * * *
Maud hits you with a scimitar of slicing!
You die...

,,,,,,*,,,** *,,.#
,,,,,**,,,,** ***..###***
,,,,****,.,,* *,,....,,*,
,**** **#.,*** **#.F.,,,,,
** *#.,,* ##..#*,**,, *
**#..,*** #####...#****,, *
**,#...,,###P#....#* ***
********,...#..##..T....#*
*,**,*,,......@@hh..#..##
**,,,,,,....#...####....#
**,,,,,........# ##...#
**,,,,,,........# #P...#
**,,,,,,,......#######...#
*,,,,,,,,......* #..#h<.#
*,,,,,,,,......*
#...÷..####
***,,,,,,..)..#*
##.........#
*****,**,,*****#....†...###


You could see Maud, Snorg and 2 wolves.

Vanquished Creatures
  2 hydras (Lair:3)
  Erolcha (D:10)
  Nergalle (D:10)
  An unseen horror (D:10)
  A centaur zombie (D:10)
  3 elephants (Lair:4)
  2 black mambas
  2 spiny frogs
  6 komodo dragons
  2 two-headed ogres
  Prince Ribbit (D:6)
  Sigmund (D:5)
  A wraith (D:9)
  A wyvern (D:9)
  2 basilisks
  24 yaks
  5 hippogriffs
  A hungry ghost (D:9)
  A naga (Lair:3)
  Edmund (D:5)
  A water moccasin (Lair:2)
  2 porcupines
  8 orc warriors
  2 sky beasts (D:6)
  A phantom (D:5)
  4 centaurs
  5 ogres
  4 wolves (Lair:1)
  5 crocodiles
  A big kobold (D:10)
  15 giant frogs
  4 scorpions
  12 killer bees
  2 howler monkeys
  2 electric eels
  4 crimson imps
  7 orc priests
  2 centaur skeletons
  8 hounds
  A jelly (D:3)
  9 orc wizards
  4 giant frog skeletons
  8 iguanas
  Jessica (D:9)
  3 worker ants
  A killer bee zombie (D:6)
  3 hound skeletons
  A worker ant zombie (D:9)
  8 adders
  30 river rats
  2 shadow imps
  An adder zombie (D:9)
  An adder skeleton (D:9)
  A worm (D:4)
  3 giant geckos
  30 orcs
  3 ball pythons
  6 giant cockroaches
  9 goblins
  5 hobgoblins
  7 jackals
  4 quokkas
  2 bats (D:2)
  A giant gecko skeleton (D:6)
  4 giant newts
  8 kobolds
  5 rats
  A bush (D:6)
  2 plants
312 creatures vanquished.

Vanquished Creatures (others)
  2 plants
2 creatures vanquished.

Grand Total: 314 creatures vanquished

Notes
Turn   | Place    | Note
--------------------------------------------------------------
     0 | D:1      | Ijustatesigmund the Ogre Hunter began the quest for the Orb.
     0 | D:1      | Reached XP level 1. HP: 22/22 MP: 1/1
   557 | D:2      | Reached XP level 2. HP: 8/31 MP: 2/2
   609 | D:2      | Reached skill level 1 in Maces & Flails
  1332 | D:2      | Reached XP level 3. HP: 31/39 MP: 3/3
  2205 | D:3      | Found an iron altar of Okawaru.
  2205 | D:3      | Found an opulent altar of Gozag.
  2209 | D:3      | Became a worshipper of Warmaster Okawaru
  2351 | D:3      | Reached XP level 4. HP: 30/49 MP: 4/4
  2540 | D:3      | Reached skill level 1 in Invocations
  2569 | D:3      | Reached XP level 5. HP: 52/55 MP: 5/5
  2647 | D:3      | You fall through a shaft!
  2909 | D:4      | Found a bloodstained altar of Trog.
  2961 | D:4      | Reached skill level 5 in Fighting
  3516 | D:4      | Reached XP level 6. HP: 67/67 MP: 7/7
  3523 | D:4      | Reached * piety under Okawaru
  3700 | D:4      | Reached skill level 5 in Maces & Flails
  4135 | D:5      | Entered Level 5 of the Dungeon
  4135 | D:5      | Noticed a phantom
  4194 | D:5      | Killed a phantom
  4194 | D:5      | Reached XP level 7. HP: 60/76 MP: 6/9
  4249 | D:5      | Noticed Sigmund
  4252 | D:5      | Killed Sigmund
  4356 | D:5      | Noticed Edmund
  4552 | D:5      | Killed Edmund
  4552 | D:5      | Reached ** piety under Okawaru
  4552 | D:5      | Reached XP level 8. HP: 42/88 MP: 10/10
  4836 | D:5      | Found a staircase to the Ecumenical Temple.
  4971 | D:6      | Found Vifa's Assorted Antiques.
  4981 | D:6      | Bought a scroll of identify for 50 gold pieces
  4981 | D:6      | Bought a garnet ring for 125 gold pieces
  5129 | D:6      | Noticed Prince Ribbit
  5132 | D:6      | Killed Prince Ribbit
  5220 | D:6      | Reached *** piety under Okawaru
  5237 | D:6      | Reached skill level 10 in Fighting
  5491 | D:6      | Reached XP level 9. HP: 101/101 MP: 11/11
  5509 | D:6      | Found a glowing silver altar of Zin.
  5511 | D:6      | Found a shattered altar of Ashenzari.
  5761 | D:6      | Found a burning altar of Makhleb.
  5793 | D:6      | Found a white marble altar of Elyvilon.
  5796 | D:6      | Found a basalt altar of Yredelemnul.
  5799 | D:6      | Found a snail-covered altar of Cheibriados.
  5935 | D:7      | Reached skill level 10 in Maces & Flails
  6057 | D:7      | Reached **** piety under Okawaru
  6183 | D:7      | Received a gift from Okawaru
  6188 | D:7      | Found an opulent altar of Gozag.
  6325 | D:7      | Got a faintly glowing pewter ring
  6327 | D:7      | Identified the ring of Bepoxzaiz {*Confuse rElec rPois Dex+7} (You found it on level 7 of the Dungeon)
  7466 | D:8      | Reached XP level 10. HP: 102/115 MP: 12/12
  7898 | D:9      | Reached ***** piety under Okawaru
  7946 | D:9      | Reached skill level 15 in Fighting
  7946 | D:9      | Reached XP level 11. HP: 126/132 MP: 13/13
  8269 | D:9      | Reached skill level 15 in Maces & Flails
  8377 | D:9      | Received a gift from Okawaru
  8459 | D:9      | Found a stormy altar of Qazlal.
  8509 | D:9      | Noticed Jessica
  8513 | D:9      | Killed Jessica
  8521 | D:9      | Found a deep blue altar of Sif Muna.
  8718 | D:10     | Entered Level 10 of the Dungeon
  8718 | D:10     | Found Zeirah's Magic Scroll Boutique.
  8732 | D:10     | Bought a scroll of identify for 32 gold pieces
  8732 | D:10     | Bought a scroll of identify for 32 gold pieces
  8732 | D:10     | Bought a scroll of fog for 32 gold pieces
  8745 | D:10     | Noticed Nergalle
  8759 | D:10     | Killed Nergalle
  8759 | D:10     | Reached skill level 5 in Throwing
  8858 | D:10     | Noticed Erolcha
  8867 | D:10     | Killed Erolcha
  8867 | D:10     | Received a gift from Okawaru
  8871 | D:10     | Found Not Vynosi's Armour Boutique.
  9069 | D:10     | Found Sakyam's Distillery.
  9075 | D:10     | Bought a potion of heal wounds for 65 gold pieces
  9159 | D:10     | Found Midgh's Book Emporium.
  9217 | D:10     | Reached ****** piety under Okawaru
  9218 | D:10     | Found Ramm's Book Boutique.
  9289 | D:10     | Killed an unseen horror
  9552 | D:11     | Reached XP level 12. HP: 138/143 MP: 15/15
  9597 | D:11     | Received a gift from Okawaru
  9642 | D:11     | Found a staircase to the Lair.
  9671 | Lair:1   | Entered Level 1 of the Lair of Beasts
 10535 | Lair:1   | Received a gift from Okawaru
 10754 | Lair:1   | Reached skill level 10 in Throwing
 10949 | Lair:2   | Received a gift from Okawaru
 10957 | Lair:2   | Got a twisted giant spiked club {god gift}
 10958 | Lair:2   | Identified the +3 giant spiked club of Famine {holy, *Noise +Fly Str+4} (Okawaru gifted it to you on level 2 of the Lair of Beasts)
 11618 | Lair:2   | Learned a level 2 spell: Ensorcelled Hibernation
 11917 | Lair:3   | Noticed a five-headed hydra
 11930 | Lair:3   | Killed a five-headed hydra
 11930 | Lair:3   | Reached skill level 1 in Hexes
 11930 | Lair:3   | Reached skill level 1 in Ice Magic
 12087 | Lair:3   | Found a staircase to the Snake Pit.
 12112 | Lair:3   | Received a gift from Okawaru
 12526 | Lair:3   | Received a gift from Okawaru
 12529 | Lair:3   | Got a warped longbow {god gift}
 12601 | Lair:3   | Noticed a four-headed hydra
 12604 | Lair:3   | Killed a four-headed hydra
 12835 | Lair:4   | Reached XP level 13. HP: 118/150 MP: 16/16
 12998 | Lair:4   | Noticed Snorg
 13007 | Lair:4   | HP: 5/150 [Snorg (8)]
 13041 | Lair:4   | Noticed Maud
 13045 | Lair:4   | HP: 5/150 [wolf (8)]
 13045 | Lair:4   | Slain by Maud

Vault maps used:
D:1:      minmay_arrival_cross
D:2:      first_bread
D:3:      gammafunk_temple_overflow_wave, hangedman_abyss_or_decor_lesser_grid
D:4:      bloody_trog, kennysheep_flooded_box
D:5:      minmay_temple_entry_overgrown, uniq_sigmund, uniq_edmund
D:6:      makhleb_grotto_becter, grunt_temple_overflow_diamond,
          grunt_temple_overflow_open, serial_shops, shop, dk_vineyard_2,
          kb_lookout_dungeons_type, uniq_prince_ribbit1
D:7:      basic_altar
D:8:      minmay_misc_feat_tower
D:9:      minmay_curly_fans, kennysheep_little_box, tgw_sif
D:10:     serial_glass, glass_columns_a, glass_columns_a, serial_shops,
          shop_scrolls, shop, shop, nicolae_shop_window_shopping,
          nicolae_shop_temple_entry_statues_fountains, uniq_nergalle,
          uniq_erolcha
D:11:     david_lair_shrubbed, hangedman_pestilent_swarm, uniq_sonja
Lair:1:   serial_bayou_shore_a, grunt_megastairs_5
Lair:2:   minivault_23
Lair:3:   guppyfry_snake_entry_garden, serial_bayou_pond_b
Lair:4:   mu_elephants_graveyard, portal_ice_cave_entry_ice_beasts,
          lemuel_fruit_tree, uniq_snorg, uniq_maud

Skill      XL: |  1  2  3  4  5  6  7  8  9 10 11 12 |
---------------+-------------------------------------+-----
Fighting       | 3 4 5 6 8 10 12 15 | 15.3
Maces & Flails | 1 3 4 5 7 9 11 14 15 | 15.0
Invocations    | 1 2 3 4 |  4.2
Dodging        | 3 |  3.0
Throwing       | 8 11 | 11.0
Hexes          | 3 |  3.6
Ice Magic      | 3 |  3.8
Stealth        | |  0.7

Action                   |  1- 3 |  4- 6 |  7- 9 | 10-12 | 13-15 || total
-------------------------+-------+-------+-------+-------+-------++-------
Melee: Club              |   128 |    68 |    45 |       |       ||   241
       Short sword       |    10 |       |       |       |       ||    10
       Punch             |       |     1 |     1 |     3 |       ||     5
       Flail             |       |       |   253 |   145 |       ||   398
       Giant club        |       |       |       |   282 |    24 ||   306
       Giant spiked club |       |       |       |     8 |       ||     8
Throw: Large rock        |    12 |    25 |    47 |    31 |       ||   115
       Throwing net      |     3 |     1 |       |       |       ||     4
       Tomahawk          |     1 |     4 |    16 |     4 |       ||    25
Invok: Heroism           |       |     1 |     4 |     4 |     1 ||    10
Evoke: Club              |       |       |       |     3 |     1 ||     4
  Use: Scroll            |     9 |     5 |     3 |    13 |     3 ||    33
       Potion            |       |     3 |       |     2 |     4 ||     9
 Stab: Distracted        |     1 |       |       |     1 |       ||     2
       Sleeping          |       |       |       |     5 |       ||     5
  Eat: Chunk             |     3 |     5 |    11 |    16 |       ||    35
       Pizza             |     1 |       |       |       |       ||     1
       Beef jerky        |       |     1 |       |     2 |       ||     3
Armor: Robe              |    41 |    18 |   122 |    93 |    12 ||   286
Dodge: Dodged            |    78 |    45 |   136 |   215 |    48 ||   522
